 Dungeon Crawl Stone Soup version 0.23-a0-378-gd7a6ca6 (webtiles) character file.

51 rlgrobin the Grave Robber (level 3, -2/24 HPs)
             Began as a Mummy Necromancer on Oct 28, 2018.
             Slain by a kobold
             ... wielding a +0 dagger
              (3 damage)
             ... on level 2 of the Dungeon.
             The game lasted 00:13:30 (1026 turns).

rlgrobin the Grave Robber (Mummy Necromancer)       Turns: 1026, Time: 00:13:31

Health: -2/24      AC:  2    Str: 11    XL:     3   Next: 58%
Magic:  6/7        EV: 12    Int: 15    God:
Gold:   62         SH:  0    Dex: 12    Spells: 3/8 levels left

rFire    x . .     SeeInvis .   f - +2 dagger (venom)
rCold    + . .     Gourm    .   (no shield)
rNeg     + + +     Faith    .   a - +0 robe
rPois    ∞         Spirit   .   (no helmet)
rElec    .         Reflect  .   (no cloak)
rCorr    .         Harm     .   (no gloves)
MR       .....                  (no boots)
Stlth    ++........             (no amulet)
HPRegen  0.08/turn              (no ring)
MPRegen  0.10/turn              (no ring)

@: no status effects
A: no food or potions, fire vulnerability, cold resistance 1, negative energy
resistance 3, torment resistance, unbreathing
a: no special abilities


You were on level 2 of the Dungeon.
You were not hungry.

You visited 1 branch of the dungeon, and saw 2 of its levels.

You collected 62 gold pieces.


Innate Abilities, Weirdness & Mutations

You do not eat or drink.
Your flesh is vulnerable to fire.
You are immune to poison.
Your flesh is cold resistant. (rC+)
You are immune to negative energy. (rN+++)
You are immune to unholy pain and torment.
You can survive without breathing.


   Skills:
 + Level 2.1 Dodging
 + Level 2.2 Stealth
 + Level 3.4 Spellcasting
 + Level 4.3 Necromancy


You had 3 spell levels left.
You knew the following spells:

 Your Spells              Type           Power        Failure   Level  Hunger
x - Vampiric Draining     Necr           ###.......   10%         3    N/A
z - Pain                  Necr           ###.         3%          1    N/A
Z - Animate Skeleton      Necr           N/A          3%          1    N/A

Your spell library contained the following spells:

 Spells                   Type           Power        Failure   Level  Hunger
 Animate Dead             Necr           N/A          32%         4    N/A
 Regeneration             Chrm/Necr      Unusable     N/A         3    N/A

Inventory:

Hand Weapons
 f - a +2 dagger of venom (weapon)
Missiles
 d - 71 stones (quivered)
 h - 7 poisoned javelins
Armour
 a - a +0 robe (worn)
Scrolls
 b - 2 scrolls of remove curse {unknown}
 c - a scroll of teleportation {unknown}
 e - a scroll of random uselessness {unknown}
 g - a scroll of identify {unknown}
 i - a scroll of blinking {unknown}

Dungeon Overview and Level Annotations

Branches:
Dungeon (2/15)

Altars:
Nemelex Xobeh
Wu Jian

.. .. ▒▒▒. ▒
... .▒ ▒.▒▒..▒
▒▒.....▒ ▒
▒..▒ ▒ ▒KZ▒ .▒
▒M.▒ ▒.▒ ▒▒▒.▒
▒..▒ ▒.▒ ▒.. ▒
▒..▒ ▒.▒ ▒.▒ ▒
▒..▒
▒.▒▒▒▒▒▒.▒▒▒
▒..▒
▒.▒▒...Z.Z..
▒▒..▒
▒.▒▒.▒▒▒....
▒▒...▒▒▒▒.▒▒Z▒
▒▒▒▒.
▒............▒
▒▒
▒▒..)▒▒▒▒.▒▒▒▒
▒▒▒


You could see a kobold and a friendly goblin skeleton.


Message History

The kobold hits your rat skeleton with a +0 dagger!
Your rat skeleton is destroyed!!!
Your goblin skeleton hits the dart slug but does no damage!
The dart slug bites your kobold skeleton!
Your kobold skeleton hits the dart slug with a +0 club!
Your goblin skeleton hits the dart slug but does no damage!
The kobold hits your kobold skeleton with a +0 dagger!
Your kobold skeleton is destroyed!!!
The dart slug launches a dart at you! The slug dart misses you!
Your goblin skeleton hits the dart slug with a +0 dagger!
You don't know that spell!
Aiming: Pain (safe; 3% risk of failure)
Aim: a kobold, wielding a +0 dagger (chance to defeat MR: 85%)
The kobold writhes in agony!!!
The kobold hits you with a +0 dagger! * * * don't die
* * * You take 2 damage, and have 3/24 hp!
You now have 6/7 mp!
You miss the kobold!
The kobold is moderately wounded!
Your goblin skeleton hits the dart slug with a +0 dagger!
The kobold hits you with a +0 dagger! * * * don't die
* * * You take 2 damage, and have 1/24 hp!
You closely miss the kobold!
The kobold is moderately wounded!
The dart slug bites your goblin skeleton!
Your goblin skeleton hits the dart slug with a +0 dagger!
The dart slug dies!!!
The kobold hits you with a +0 dagger! rip

Action                   || total
-------------------------++-------
Melee: Unarmed           ||    10
       Dagger            ||    48
 Cast: Pain              ||    22
       Animate Skeleton  ||    12
 Stab: Sleeping          ||     2
Armor: Robe              ||    11
Dodge: Dodged            ||    52

Vault maps used:
D:1:      ldierk_walled_garden, serial_forest, infiniplex_forest_straight_3,
          infiniplex_forest_fountain, infiniplex_forest_clump_small,
          infiniplex_forest_split, infiniplex_forest_end_3,
          infiniplex_forest_lined_corner
D:2:      kennysheep_ying_yang, lemuel_crystal_altar,
          nemelex_xobeh_ov_fountains_minmay, old_standard_altar,
          okawaru_metal_pillars_1_2, uniq_sigmund

Notes
Turn   | Place    | Note
-------+----------+-------------------------------------------
     0 | D:1      | rlgrobin the Mummy Necromancer began the quest for the Orb.
     0 | D:1      | Reached XP level 1. HP: 13/13 MP: 4/4
    17 | D:1      | Learned a level 1 spell: Animate Skeleton
   148 | D:1      | Reached XP level 2. HP: 8/19 MP: 1/5
   153 | D:1      | Reached skill level 3 in Spellcasting
   415 | D:1      | Reached skill level 2 in Stealth
   711 | D:1      | Reached skill level 2 in Dodging
   711 | D:1      | Reached XP level 3. HP: 17/24 MP: 3/7
   896 | D:2      | Found a sparkling altar of Nemelex Xobeh.
   902 | D:2      | Found an ornate altar of the Wu Jian Council.
   936 | D:2      | Learned a level 3 spell: Vampiric Draining
  1025 | D:2      | HP: 1/24 [kobold/+0 dagger (2)]
  1026 | D:2      | Slain by a kobold

Vanquished Creatures
  An adder (D:2)
  A dart slug (D:1)
  3 giant cockroaches
  4 goblins
  4 hobgoblins
  5 jackals (D:1)
  6 kobolds
  2 bats
  A frilled lizard (D:1)
  5 rats
  A toadstool (D:1)
33 creatures vanquished.

Vanquished Creatures (collateral kills)
  A dart slug (D:2)
  2 goblins
  A jackal (D:1)
4 creatures vanquished.

Vanquished Creatures (others)
  4 toadstools (D:1)
4 creatures vanquished.

Grand Total: 41 creatures vanquished
